 Dungeon Crawl Stone Soup version 0.24-b1-30-g840c9efd86 (webtiles) character file.

Game seed: 3154640677330141464, levelgen mode: deterministic

100 lepoulpe303 the Poker (level 4, -5/37 HPs)
             Began as a Merfolk Monk on Oct 23, 2019.
             Slain by an ogre
             ... wielding a +0 giant club
              (20 damage)
             ... on level 2 of the Dungeon.
             The game lasted 00:09:37 (3292 turns).

lepoulpe303 the Poker (Merfolk Monk)                Turns: 3292, Time: 00:09:38

Health: -5/37      AC:  5    Str: 12    XL:     4   Next: 73%
Magic:  4/4        EV: 13    Int:  9    God:
Gold:   260        SH:  0    Dex: 16    Spells: 3/3 levels left

rFire    . . .     SeeInvis .   a - +0 spear
rCold    . . .     Gourm    .   (no shield)
rNeg     . . .     Faith    .   f - +0 ring mail
rPois    .         Spirit   .   (no helmet)
rElec    .         Reflect  .   (no cloak)
rCorr    .         Harm     .   (no gloves)
MR       .....                  (no boots)
Stlth    ++........             (no amulet)
HPRegen  0.12/turn              (no ring)
MPRegen  0.09/turn              (no ring)

@: no status effects
A: change form in water, swift swim, stealthy swim
a: no special abilities


You were on level 2 of the Dungeon.
You were hungry.

You visited 1 branch of the dungeon, and saw 3 of its levels.

You collected 260 gold pieces.

Inventory:

Hand Weapons
 a - a +0 spear (weapon)
Missiles
 Q - 189 stones (quivered)
Armour
 b - a +0 robe
 f - a +0 ring mail (worn)
Jewellery
 i - a +1 ring of evasion {unknown}
Scrolls
 c - 2 scrolls of identify {unknown}
 g - 2 scrolls of teleportation {unknown}
 k - a scroll of remove curse {unknown}
Potions
 d - 3 potions of curing {unknown}
 h - 2 potions of agility {unknown}
 j - a potion of might {unknown}
 l - a potion of degeneration {unknown}
 m - a potion of flight {unknown}
Comestibles
 e - 4 rations


   Skills:
 * Level 4.2 Fighting
 * Level 5.6 Polearms
 + Level 0.9 Armour
 + Level 4.4 Dodging
 + Level 2.8 Stealth


You had 3 spell levels left.
You didn't know any spells.
Your spell library was empty.

Dungeon Overview and Level Annotations

Branches:
Dungeon (3/15)

Altars:
Fedhas

Annotations:
D:3 Grinder


Message History

The ogre completely misses you.
Attack whom?
Aim: an ogre, wielding a +0 giant club (severely wounded)
You reach to attack!
Your ring mail prevents you from hitting the ogre.
The ogre barely misses you.
You hit the ogre.
The ogre hits you with a +0 giant club!!
Ouch! That really hurt!
* * * LOW HITPOINT WARNING * * *
You take 23 damage, and have 5/37 hp.
MASSIVE DAMAGE!!
You are feeling hungry.
Attack whom?
Aim: an ogre, wielding a +0 giant club (heavily wounded)
You reach to attack!
You barely miss the ogre. The ogre closely misses you.
The ogre hits you with a +0 giant club!!
Ouch! That really hurt!
You die...

....#
#.......#.####.#####.#
....#
#.......#............#
....#
#.......#.####.##########
....#
#.......+....#...........
....#
#.......#.#.############.
....#
#.........#..............
#####
#..###..#.###############
#..# ##.#O...............
#..####.@..##############
#########.....#....########
.........#.##.#...........#
.......#.#.##.#...........#
######.#.#.##.#...........#
#.#.#.##.#..>........#
#.#.#.##.#...........#
#.#.#.##.#...........#
#.#.#.##.#...........#


You could see an ogre.

Levels and vault maps discovered:
D:1:      minmay_arrival_shattered_statue, layout_loops_cross
D:2:      layout_basic
D:3:      cheibrodos_greedy_goblins, layout_basic, fedhas_altar_1, uniq_grinder

Notes
Turn   | Place    | Note
-------+----------+-------------------------------------------
     0 | D:1      | lepoulpe303 the Merfolk Monk began the quest for the Orb.
     0 | D:1      | Reached XP level 1. HP: 18/18 MP: 1/1
     2 | D:1      | Identified a +0 dagger
   283 | D:1      | Reached XP level 2. HP: 22/24 MP: 2/2
   457 | D:1      | Identified a +0 whip
   488 | D:1      | Identified a +0 whip
   871 | D:1      | Reached skill level 5 in Polearms
   871 | D:1      | Reached XP level 3. HP: 30/30 MP: 3/3
   991 | D:1      | Identified a +0 ring mail (You found it on level 1 of the
                  | Dungeon)
  1079 | D:2      | Identified a +0 club
  1726 | D:2      | Reached skill level 4 in Fighting
  2014 | D:3      | Found a blossoming altar of Fedhas.
  2065 | D:3      | Identified a +0 hand axe
  2187 | D:3      | Reached XP level 4. HP: 30/37 MP: 4/4
  2317 | D:3      | Identified a cursed -3 club
  2318 | D:3      | Identified a +0 club
  2318 | D:3      | Identified a +0 club
  2318 | D:3      | Identified a +0 dagger
  2318 | D:3      | Identified a +0 dagger
  2462 | D:3      | Identified a +0 dagger
  2501 | D:3      | Identified a +0 club
  2979 | D:3      | Identified a +0 hand axe
  2979 | D:3      | Identified a +0 leather armour of poison resistance
  2993 | D:3      | Identified a +0 giant club
  2993 | D:3      | Noticed an ogre
  3036 | D:3      | Noticed Grinder
  3207 | D:2      | HP: 5/37 [ogre/+0 giant club (23)]
  3292 | D:2      | Slain by an ogre

Table legend:
 A = Turns spent in this place as a percentage of turns spent in the entire game.
 B = Non-inter-level travel turns spent in this place as a percentage of non-inter-level travel turns spent in the entire game.
 C = Inter-level travel turns spent in this place as a percentage of turns spent in this place.
 D = Turns resting spent in this place as a percentage of non-inter-level travel turns spent in this place.
 E = Turns spent auto-exploring this place as a percentage of non-inter-level travel turns spent in this place.
 F = Non-inter-level travel turns spent in this place divided by the number of levels of this place that you've seen.
                   A       B       C       D       E      F
               +-------+-------+-------+-------+-------+----------------------
         Total | 100.0 | 100.0 |   3.0 |  17.4 |  55.4 | 1064.7
       Dungeon | 100.0 | 100.0 |   3.0 |  17.4 |  55.4 | 1064.7
               +-------+-------+-------+-------+-------+----------------------

Table legend:
 A = Kills in this place as a percentage of kills in entire the game.
 B = Kills by you in this place as a percentage of kills by you in the entire game.
 C = Kills by friends in this place as a percentage of kills by friends in the entire game.
 D = Other kills in this place as a percentage of other kills in the entire game.
 E = Experience gained in this place as a percentage of experience gained in the entire game.
 F = Experience gained in this place divided by the number of levels of this place that you have seen.
                   A       B       C       D       E      F
               +-------+-------+-------+-------+-------+----------------------
         Total | 100.0 | 100.0 |   N/A |   N/A | 100.0 |  47.7
       Dungeon | 100.0 | 100.0 |   N/A |   N/A | 100.0 |  47.7
               +-------+-------+-------+-------+-------+----------------------

Skill      XL: |  1  2  3 |
---------------+----------+-----
Polearms       | 5 |  5.6
Fighting       | 4 |  4.2
Armour         | |  0.9
Dodging        | |  4.4
Stealth        | |  2.8

Action                   |  1- 3 |  4- 6 || total
-------------------------+-------+-------++-------
Melee: Spear             |   194 |   111 ||   305
Throw: Stone             |       |     1 ||     1
 Stab: Sleeping          |     9 |     1 ||    10
  Eat: Chunk             |     4 |     3 ||     7
Armor: Robe              |    24 |       ||    24
       Ring mail         |    29 |    15 ||    44
Dodge: Dodged            |    96 |    40 ||   136

Vanquished Creatures
  2 adders (D:3)
  2 worms
  2 dart slugs (D:2)
  A leopard gecko (D:1)
  2 orcs (D:3)
  A ball python (D:1)
  6 bats
  2 giant cockroaches (D:3)
  7 goblins
  12 hobgoblins
  10 jackals
  A quokka (D:2)
  4 frilled lizards
  4 kobolds (D:1)
  6 rats
62 creatures vanquished.
